Map: Traitor's Exile

Players

Subwaymaker - Winner!

  • Race: Protoss Protoss
  • League: Gold
  • Spawn Location: 6:00

Mesrob - Winner!

  • Race: Terran Terran
  • League: Platinum
  • Spawn Location: 5:00

RedBehemoth

  • Race: Zerg Zerg
  • League: Silver
  • Spawn Location: 12:00

SneakyTurtle

  • Race: Terran Terran
  • Spawn Location: 9:00

VOD

Have the link to the VOD?

Description

Time

  • Played on: July 21, 2019, 1:18 p.m.
  • Length: 18:12
Show
View Real Time Build Order
Export as new Build Order

Subwaymaker Protoss - Winner!

Build Orders: Oracle Opening 

Get SALT Encoding   

  12  0:01  Probe  
  13  0:13  Probe  
  14  0:19  Pylon  
  14  0:25  Probe  
  15  0:37  Probe  
  16  0:43  Gateway  
  16  0:48  Probe  
  16  0:56  Assimilator, Probe  
  18  1:06  Probe  
  18  1:08  Assimilator  
  18  1:10  Pylon  
  19  1:15  Probe  
  20  1:23  Probe  
  20  1:32  Probe  
  21  1:34  Cybernetics Core  
  22  1:57  Probe  
  22  2:00  Zealot  
  25  2:05  Pylon  
  25  2:28  Probe  
  26  2:36  Stargate  
  26  2:38  Stargate  
  26  2:40  Nexus  
  26  2:42  Probe  
  26  2:50  Probe  
  27  2:52  Warp Gate  
  28  3:00  Assimilator x2, Probe  
  29  3:12  Probe  
  30  3:24  Probe  
  31  3:30  Oracle  
  34  3:35  Oracle  
  34  3:36  Probe  
  38  3:48  Probe  
  38  3:49  Gateway, Zealot  
  39  4:00  Probe  
  39  4:02  Probe  
  43  4:12  Probe  
  43  4:13  Oracle  
  47  4:49  Oracle  
  50  4:55  Probe  
  50  4:56  Probe  
  52  5:05  Pylon, Gateway  
  52  5:07  Probe, Gateway  
  52  5:08  Pylon  
  52  5:13  Oracle  
  53  5:18  Twilight Council  
  53  5:19  Oracle  
  59  5:48  Probe  
  59  5:49  Probe  
  59  5:55  Nexus  
  59  5:56  Pylon  
  59  5:57  Charge, Probe x2  
  61  5:58  Assimilator  
  61  6:03  Assimilator  
  63  6:05  Probe  
  63  6:06  Probe, Zealot x3  
  66  6:18  Probe x2  
  60  6:21  Zealot  
  60  6:23  Oracle x2  
  52  6:30  Probe x2  
  52  6:32  Pylon  
  52  6:39  Probe x2  
  54  6:47  Probe x2  
  56  6:56  Probe x2  
  58  7:01  Zealot  
  58  7:02  Zealot  
  62  7:08  Probe  
  62  7:09  Probe  
  64  7:21  Probe  
  65  7:49  Probe  
  66  7:51  Probe  
  66  7:57  Probe  
  67  8:03  Probe  
  67  8:05  Probe, Dark Shrine  
  69  8:11  Gateway  
  70  8:13  Templar Archives  
  70  8:15  Pylon, Probe  
  70  8:18  Probe  
  72  8:22  Blink  
  72  8:25  Zealot x4  
  80  8:27  Probe  
  73  8:56  Probe x2  
  73  8:59  Probe  
  76  9:04  Probe x2  
  78  9:11  Probe  
  78  9:13  Probe  
  78  9:14  Pylon  
  78  9:16  Gateway  
  80  9:17  Gateway  
  80  9:21  Gateway  
  80  9:30  Probe x3  
  83  9:37  High Templar x5  
  93  9:52  Pylon  
  93  9:53  Pylon  
  93  9:57  Forge  
  93  9:59  Pylon  
  93  10:00  Archon x2  
  93  10:01  Forge  
  93  10:09  Probe x3  
  93  10:14  Dark Templar x6  
  98  10:15  Dark Templar, Protoss Ground Weapons Level 1  
  98  10:16  Dark Templar, Protoss Shields Level 1  
  113  10:21  Probe  
  113  10:27  Nexus  
  113  10:30  Pylon  
  113  10:32  Assimilator  
  113  10:35  Psionic Storm  
  113  10:37  Assimilator  
  113  10:39  Pylon  
  113  10:41  Probe  
  114  10:52  Dark Templar  
  114  10:54  Zealot x3  
  114  10:55  Zealot x4  
  130  11:05  Probe x2  
  130  11:06  Probe  
  133  11:17  Probe  
  133  11:18  Probe  
  135  11:35  Gateway  
  135  11:36  Gateway  
  135  11:40  Gateway x2  
  135  11:42  Pylon  
  135  11:54  High Templar  
  135  11:55  High Templar x5  
  135  11:56  High Templar  
  149  12:03  Archon  
  149  12:04  Archon  
  149  12:05  Archon x2  
  149  12:06  Archon x2  
  149  12:07  Archon x2  
  128  12:51  High Templar  
  128  12:52  High Templar x5  
  137  13:01  Zealot x6  
  137  13:03  Archon x3  
  143  13:26  Protoss Ground Weapons Level 2  
  139  13:28  Protoss Shields Level 2, Zealot x6  
  139  13:29  Zealot x4  
  159  13:35  High Templar x2  
  163  14:03  Pylon  
  163  14:07  Pylon  
  163  14:09  Pylon  
  163  14:11  Pylon  
  163  14:30  Photon Cannon  
  163  14:31  Photon Cannon  
  163  14:33  Shield Battery x2  
  163  14:36  Photon Cannon  
  163  14:37  Shield Battery  
  163  14:39  Pylon  
  163  14:40  High Templar x2  
  163  14:41  High Templar x6, Photon Cannon  
  164  15:24  High Templar x5  
  164  15:26  Stalker  
  164  15:28  Zealot x5  
  184  15:29  Zealot  
  188  15:50  Stalker x4  
  188  15:51  Stalker  
  188  15:53  Stalker  
  188  15:57  Archon x3  
  200  15:59  Archon  
  200  16:00  Archon  
  192  17:05  Zealot x4  
  192  17:06  Zealot x2  
  172  17:28  High Templar x5  
  172  17:29  High Templar  
  148  17:30  Zealot x3  
  148  17:31  Zealot x3  
  146  17:46  Archon x3  
  146  17:47  Archon x2  
  128  17:58  Zealot  
  128  17:59  Zealot x5  
  128  18:02  High Templar x4  
Show
View Real Time Build Order
Export as new Build Order

Mesrob Terran - Winner!

Build Orders:  

Get SALT Encoding   

  12  0:00  SCV  
  13  0:13  SCV  
  14  0:18  Supply Depot  
  14  0:25  Refinery  
  14  0:34  Refinery  
  14  0:36  SCV  
  15  0:52  Barracks  
  15  1:07  Barracks  
  15  1:20  SCV  
  16  1:32  SCV  
  17  1:33  Supply Depot  
  17  1:44  Reaper, SCV  
  19  1:55  Reaper  
  19  1:59  SCV  
  21  2:05  Supply Depot  
  21  2:16  Reaper  
  22  2:26  Orbital Command  
  22  2:27  Reaper  
  23  2:48  Reaper  
  23  2:50  Factory  
  24  2:55  SCV  
  25  2:59  Reaper  
  26  3:09  Supply Depot  
  26  3:20  Reaper  
  27  3:31  Reaper  
  27  3:52  Reaper  
  27  3:54  Command Center  
  22  4:58  Factory Tech Lab  
  22  5:04  Factory  
  22  5:05  Factory x2  
  20  5:14  Barracks Reactor  
  20  5:16  Barracks Reactor  
  20  5:32  Orbital Command  
  20  5:35  SCV  
  21  5:42  Command Center  
  21  5:47  SCV  
  22  5:59  SCV  
  24  6:11  SCV  
  24  6:12  Hellion x2  
  24  6:13  Hellion x2  
  24  6:15  Cyclone  
  35  6:22  Factory Tech Lab  
  35  6:23  SCV  
  36  6:45  SCV  
  37  6:50  Refinery  
  37  6:51  Cyclone x2  
  37  6:52  Hellion  
  45  6:57  SCV  
  45  6:59  Orbital Command  
  46  7:06  Refinery  
  46  7:12  SCV  
  46  7:13  SCV  
  48  7:16  Refinery  
  48  7:25  SCV  
  49  7:39  SCV  
  50  7:44  SCV x2  
  53  7:51  SCV  
  53  7:54  Cyclone x2  
  53  7:55  Hellion x2  
  53  7:56  Hellion x2, SCV x2  
  69  8:03  Supply Depot, SCV  
  69  8:04  Supply Depot  
  70  8:17  SCV  
  70  8:19  SCV x2  
  73  8:27  Refinery  
  73  8:29  SCV  
  73  8:30  Hellion x3  
  73  8:31  Hellion, SCV, Cyclone  
  86  8:42  SCV x2  
  86  8:43  SCV  
  89  9:02  Hellion x2  
  93  9:11  Supply Depot  
  93  9:13  Supply Depot  
  93  9:16  Supply Depot  
  93  9:17  Hellion x2, SCV x3  
  93  9:22  Supply Depot  
  100  9:25  Supply Depot  
  100  9:29  SCV  
  101  9:33  SCV, Cyclone  
  105  9:39  Supply Depot, SCV  
  105  9:41  Hellion x2, SCV  
  111  9:49  Supply Depot  
  111  9:56  Starport  
  111  9:57  Starport  
  111  10:00  Cyclone  
  111  10:01  Hellion  
  111  10:02  Hellion  
  111  10:03  Supply Depot  
  118  10:11  Command Center  
  118  10:16  SCV  
  118  10:18  SCV x2  
  121  10:26  Supply Depot  
  121  10:28  SCV  
  122  10:30  SCV  
  123  10:40  SCV  
  124  10:47  Cyclone x2  
  124  10:48  Hellion x2  
  124  10:49  Hellion  
  136  10:52  Starport Tech Lab, Starport Reactor, Supply Depot  
  136  10:54  Command Center  
  136  11:01  Armory  
  136  11:13  Hellion x3  
  136  11:14  Hellion  
  136  11:16  SCV  
  136  11:17  SCV x2  
  147  11:26  Refinery  
  147  11:30  Cyclone x2  
  153  11:51  Refinery, Armory  
  153  12:02  Cyclone  
  153  12:03  Cyclone  
  153  12:04  Hellion x4  
  138  12:25  Hellion  
  138  12:29  Liberator x2  
  112  12:35  Cyclone  
  80  12:49  Terran Vehicle And Ship Armor Level 1, Terran Vehicle Weapons Level 1  
  86  13:03  Fusion Core  
  85  13:08  Starport  
  85  13:09  Starport, Cyclone x2  
  85  13:11  Hellion x2  
  95  13:19  Hellion  
  99  13:20  Hellion  
  99  13:32  Hellion x2  
  103  13:34  Engineering Bay  
  103  13:41  Engineering Bay, Cyclone x2  
  103  13:42  SCV  
  103  13:44  SCV  
  103  13:45  SCV x2  
  113  13:54  SCV  
  114  13:56  SCV  
  114  13:57  Hellion x4, SCV x2  
  125  14:06  Liberator x2  
  125  14:07  SCV  
  125  14:08  SCV  
  127  14:13  Planetary Fortress  
  127  14:19  Refinery  
  127  14:21  Battlecruiser  
  139  14:27  SCV x4  
  143  14:34  Hellion x3  
  143  14:35  Hellion, Cyclone x2  
  157  14:39  SCV x2  
  157  14:40  Starport Tech Lab x2  
  159  14:46  Refinery  
  159  14:51  Planetary Fortress  
  159  14:55  Hellion x2  
  159  14:56  Hellion x2  
  165  15:07  Cyclone x2  
  157  15:17  Hellion x2  
  150  15:26  Battlecruiser  
  144  15:37  Missile Turret  
  144  15:39  Cyclone  
  144  15:40  Cyclone  
  150  15:43  Battlecruiser x2  
  150  15:46  Hellion x2  
  150  15:47  Hellion x2  
  170  15:54  SCV  
  170  15:56  SCV x2  
  173  16:07  SCV  
  173  16:08  Hellion x2  
  178  16:12  Cyclone x2  
  184  16:19  SCV  
  185  16:29  Supply Depot  
  185  16:30  Hi-Sec Auto Tracking, Battlecruiser  
  185  16:31  SCV  
  192  16:39  Viking  
  194  16:40  Viking  
  194  16:43  SCV  
  194  16:44  Cyclone  
  200  16:51  Supply Depot  
  200  17:13  Supply Depot  
  192  17:26  Viking  
  200  17:36  Supply Depot  
Show
View Real Time Build Order
Export as new Build Order

RedBehemoth Zerg 

Build Orders: Hatch First 

Get SALT Encoding   

  12  0:01  Drone  
  13  0:08  Drone  
  14  0:20  Overlord  
  14  0:49  Drone  
  15  0:50  Drone  
  15  0:54  Extractor  
  15  0:56  Drone  
  15  0:57  Hatchery  
  15  1:04  Drone  
  16  1:11  Drone  
  17  1:24  Spawning Pool  
  16  1:58  Drone x2  
  16  1:59  Drone  
  19  2:02  Extractor  
  18  2:10  Drone  
  18  2:12  Metabolic Boost  
  18  2:14  Queen  
  21  2:23  Queen  
  21  2:27  Drone  
  24  2:33  Drone x2  
  26  2:41  Drone  
  26  2:42  Drone  
  28  2:50  Overlord  
  28  3:09  Zergling x4  
  28  3:10  Zergling x6  
  33  3:25  Zergling x6  
  36  4:25  Queen  
  32  4:54  Spore Crawler  
  32  4:57  Zergling x8  
  32  4:58  Zergling x2, Spore Crawler  
  35  5:20  Spore Crawler  
  35  5:21  Spore Crawler  
  33  5:25  Zergling x2  
  33  5:26  Zergling x2  
  33  5:27  Overlord  
  33  5:28  Overlord x4  
  35  5:50  Drone  
  35  5:51  Drone x7  
  33  6:57  Spore Crawler  
  32  7:02  Spore Crawler  
  32  7:05  Lair  
  31  7:09  Spore Crawler  
  31  7:11  Spore Crawler  
  28  7:25  Zergling x2  
  28  7:26  Zergling x34  
  44  7:44  Spore Crawler  
  44  7:46  Spore Crawler  
  44  7:50  Spore Crawler  
  41  7:57  Drone  
  41  7:58  Drone x3  
  45  8:11  Hydralisk Den  
  26  8:52  Hydralisk x3  
  26  8:53  Hydralisk x7  
  45  9:11  Drone x3  
  45  9:12  Drone x2  
  50  9:24  Muscular Augments  
  50  9:29  Drone  
  50  9:30  Drone x2  
  53  9:43  Drone x3  
  53  9:44  Drone x2  
  58  9:51  Drone  
  59  10:03  Drone  
  59  10:04  Drone x2  
  62  10:15  Hatchery  
  62  10:20  Hydralisk  
  62  10:21  Hydralisk x2  
  63  10:26  Drone  
  63  10:27  Drone x3  
  71  10:29  Drone  
  71  10:34  Drone  
  73  10:48  Hydralisk  
  75  10:51  Overlord x2  
  75  10:52  Overlord x2  
  75  11:11  Hydralisk  
  75  11:12  Hydralisk x4  
  85  11:22  Spire  
  84  11:32  Hydralisk  
  84  11:33  Hydralisk x2  
  84  11:38  Drone x2  
  92  12:01  Zergling x4  
  92  12:02  Zergling x12  
  100  12:09  Queen  
  77  12:51  Drone x6  
  78  12:52  Drone x9  
  92  13:03  Queen  
  67  13:26  Hydralisk  
  67  13:27  Hydralisk x5  
  79  13:53  Mutalisk  
  79  13:54  Mutalisk x8  
  97  14:05  Infestation Pit  
  97  14:38  Drone x3  
  97  14:39  Drone x2  
  97  14:45  Spire  
  100  14:48  Hive  
  100  14:49  Hydralisk  
  100  14:50  Hydralisk x5  
  108  15:42  Extractor  
  108  15:44  Extractor  
  108  15:46  Extractor  
  108  15:47  Extractor  
  104  16:00  Zergling x16  
  104  16:01  Zergling x2  
  104  16:02  Overlord  
  113  16:30  Corruptor  
  113  16:31  Corruptor x3  
  121  16:33  Greater Spire  
  121  16:35  Overlord  
  121  16:36  Overlord x6  
  121  16:37  Overlord  
  56  17:39  Swarm Host x4  
  56  17:40  Swarm Host x6  
Show
View Real Time Build Order
Export as new Build Order

SneakyTurtle Terran 

Build Orders:  

Get SALT Encoding   

  12  0:04  SCV  
  13  0:16  SCV  
  14  0:24  Supply Depot  
  14  0:28  SCV  
  15  0:46  SCV  
  15  0:47  Supply Depot  
  16  0:51  Barracks  
  16  0:58  SCV  
  16  1:02  Refinery  
  17  1:10  SCV  
  18  1:18  Supply Depot  
  18  1:47  SCV  
  18  1:51  Command Center  
  18  1:52  Refinery  
  19  2:13  SCV  
  20  2:17  Reaper  
  21  2:25  SCV  
  22  2:37  SCV  
  23  2:45  Factory  
  23  2:49  SCV  
  24  3:01  SCV  
  25  3:07  Supply Depot  
  25  3:15  Marine  
  25  3:26  SCV  
  26  3:33  Marine  
  27  3:38  SCV  
  26  3:50  Marine, SCV  
  28  4:02  SCV  
  29  4:14  SCV  
  30  4:18  Factory Tech Lab  
  30  4:27  Barracks Reactor  
  30  4:28  Starport  
  24  5:07  Starport  
  24  5:17  SCV  
  24  5:21  Starport Tech Lab  
  25  5:26  Fusion Core  
  25  5:29  Siege Tank, SCV  
  29  5:39  Marine x2  
  29  5:41  SCV  
  32  5:43  Orbital Command  
  32  5:50  Banshee  
  32  5:53  Starport Tech Lab, SCV  
  32  5:57  Marine x2  
  36  6:01  Siege Tank  
  41  6:05  SCV  
  42  6:14  Marine  
  42  6:15  Marine, Supply Depot  
  42  6:17  SCV  
  45  6:19  Refinery  
  45  6:22  Banshee  
  48  6:30  SCV  
  48  6:32  Marine x2  
  49  6:33  Siege Tank  
  54  6:42  SCV  
  54  6:44  Bunker  
  55  6:54  SCV  
  56  6:56  Refinery  
  56  7:06  SCV  
  57  7:18  SCV  
  57  7:22  Marine x2  
  60  7:30  SCV  
  60  7:37  Weapon Refit  
  61  7:38  Supply Depot  
  61  7:40  Marine  
  62  7:58  Supply Depot  
  62  8:00  Marine, SCV, Battlecruiser  
  70  8:19  Marine x2  
  70  8:20  Siege Tank, SCV  
  70  8:22  Supply Depot  
  76  8:32  Bunker, SCV  
  77  8:37  Marine  
  77  8:39  Supply Depot  
  78  8:43  Marine, Battlecruiser, Armory  
  78  8:44  SCV  
  86  9:01  Marine x2, Siege Tank  
  91  9:17  Supply Depot  
  91  9:19  Marine x2  
  93  9:36  Marine  
  94  9:38  Marine  
  94  9:39  Battlecruiser  
  94  9:44  Command Center  
  101  9:46  Refinery  
  101  9:50  Refinery  
  101  10:15  Supply Depot  
  101  10:37  Siege Tank, Battlecruiser  
  101  10:39  Supply Depot  
  110  10:52  Bunker  
  110  11:02  Supply Depot  
  110  11:09  Siege Tank  
  113  11:15  SCV  
  113  11:16  Supply Depot  
  114  11:20  Marine x2  
  116  11:28  SCV  
  117  11:38  Marine x2  
  119  11:40  SCV  
  119  11:41  Siege Tank  
  123  11:48  Bunker  
  123  11:52  SCV  
  124  11:55  Marine  
  124  11:56  Marine  
  126  12:04  SCV  
  127  12:13  Marine x2, Siege Tank  
  132  12:19  Barracks  
  113  12:43  Marine x2  
  115  12:52  Siege Tank  
  115  12:54  Battlecruiser  
  115  12:55  Battlecruiser  
  130  13:01  Marine x2  
  130  13:05  Terran Vehicle Weapons Level 1  
  132  13:10  Armory  
  126  13:19  Marine x2  
  107  13:37  Marine x2  
  109  13:54  Barracks Reactor  
  109  13:58  Battlecruiser  
  109  13:59  Battlecruiser  
  121  14:30  Marine  
  121  14:31  Marine  
  123  14:48  Marine x2  
  125  15:06  Marine x2  
  121  15:24  Marine x2  
  123  15:31  Marine x2  
  123  15:33  Siege Tank  
  123  15:35  Battlecruiser  
  134  15:41  SCV  
  135  15:47  Battlecruiser  
  141  15:53  Terran Ship Weapons Level 1  
  141  15:56  Terran Vehicle And Ship Armor Level 1  
  141  16:49  Supply Depot  
  141  17:05  Marine x2, SCV  
  141  17:08  Siege Tank  
  140  17:17  SCV  
  140  17:22  Marine x2  
  85  17:40  Marine x2, Siege Tank  
Tags
 
Add a new tag
Caveats
  • Supply blocks, unpowered buildings, or Contaminate may cause inaccurate times.
  • Supply counts are checked every 10 seconds.